 Dungeon Crawl Stone Soup version 0.26.1-2-gb8aa6d0cf2 (webtiles) character file.

Game seed: 3886792146857512388

1510 DearestLeader the Spear-Bearer (level 8, -13/60 HPs)
             Began as a Merfolk Ice Elementalist on Mar 4, 2021.
             Mangled by an orc warrior
             ... wielding a +0 glaive
              (20 damage)
             ... on level 6 of the Dungeon.
             The game lasted 00:11:50 (6520 turns).

DearestLeader the Spear-Bearer (MfIE)               Turns: 6520, Time: 00:11:51

Health: -13/60     AC:  7    Str:  8    XL:     8   Next: 83%
Magic:  4/11       EV: 13    Int: 17    God:
Gold:   283        SH:  5    Dex: 14    Spells: 4/11 levels left

rFire    . . .     SeeInvis .   w - +2 quarterstaff (chaos)
rCold    . . .     Faith    .   (shield currently unavailable)
rNeg     . . .     Spirit   .   k - +2 leather armour {rPois}
rPois    +         Reflect  +   (no helmet)
rElec    .         Harm     .   v - +0 cloak
rCorr    .         Rampage  .   (no gloves)
Will     .....                  d - +0 pair of boots
Stlth    +++.......             p - amulet of reflection
HPRegen  0.20/turn              b - ring of stealth
MPRegen  0.12/turn              (no ring)

@: no status effects
A: change form in water, swift swim, stealthy swim
a: no special abilities


You were on level 6 of the Dungeon.
You visited 1 branch of the dungeon, and saw 6 of its levels.

You collected 283 gold pieces.

Inventory:

Hand Weapons
 w - a +2 quarterstaff of chaos (weapon)
 y - a +2 dagger of venom
 C - a +0 trident
Missiles
 D - 17 poisoned darts (quivered)
Armour
 a - a +0 robe
 d - a +0 pair of boots (worn)
 k - a +2 leather armour of poison resistance (worn)
 l - a +2 buckler
 v - a +0 cloak (worn)
Jewellery
 b - a ring of stealth (left hand)
 g - an uncursed amulet of the acrobat {unknown}
 p - an amulet of reflection (around neck)
Wands
 t - a wand of random effects (12)
Scrolls
 c - a scroll of remove curse
 e - a scroll of enchant armour {unknown}
 i - a scroll of teleportation
 j - 2 scrolls of magic mapping
 m - a scroll of noise {unknown}
 o - 3 scrolls of enchant weapon {unknown}
 r - a scroll of amnesia {unknown}
 x - a scroll of blinking {unknown}
Potions
 f - 3 potions of curing
 h - a potion of magic {unknown}
 n - a potion of lignification {unknown}
 q - 2 potions of haste
 s - 2 potions of brilliance {unknown}
 u - a potion of ambrosia {unknown}
 z - a potion of mutation {unknown}
 B - a potion of heal wounds {unknown}


   Skills:
 + Level 3.7 Fighting
 * Level 10.7 Polearms
 - Level 4.0 Dodging
 - Level 2.1 Stealth
 - Level 2.0 Spellcasting
 - Level 8.0 Ice Magic


You had 4 spell levels left.
You knew the following spells:

 Your Spells              Type           Power        Failure   Level
a - Freeze                Ice            100%         1%          1
b - Frozen Ramparts       Ice            56%          3%          3
c - Ozocubu's Armour      Ice            28%          3%          3

Your spell library contained the following spells:

 Spells                   Type           Power        Failure   Level
 Foxfire                  Conj/Fire      4%           28%         1
 Hailstorm                Conj/Ice       15%          47%         4
 Summon Ice Beast         Ice/Summ       15%          47%         4


Dungeon Overview and Level Annotations

Branches:
Dungeon (6/15)
 Temple: D:4-7

Altars:
Gozag
Kikubaaqudgha
Makhleb
Ru
Sif Muna

Annotations:
D:6 1 runed translucent door, SnubMonkey's ghost, novice TrWn


Message History

Your icy armour cracks and falls away as you move.
The frozen ramparts melt away as you move.
SnubMonkey's ghost turns its malevolent gaze towards you.
Found a ring mail and a flail.
Found a runed translucent door.
Your surroundings suddenly seem different.
An orc warrior comes into view. It is wielding a +0 glaive.
The orc warrior shouts!
An orc comes into view. It is wielding a +0 hand axe.
The orc shouts!
An orc comes into view. It is wielding a +0 trident.
The orc shouts!
An orc comes into view. It is wielding a +0 mace.
The orc shouts!
An orc comes into view. It is wielding a +0 falchion.
The orc shouts!
A bullfrog comes into view.
The bullfrog croaks.
The orc barely misses you.
The orc warrior hits you with a +0 glaive!!
You die...

.........#
..$......#
.........#
....>...$#
....?o...#
.........+
.......oo#
.....o.@.#
.......oF#
.........#
#####+####


You could see an orc warrior, a bullfrog and 4 orcs.

Vanquished Creatures
  An orc warrior (D:5)
  2 sky beasts
  A centaur (D:5)
  A phantom (D:4)
  2 ogres
  2 scorpions (D:4)
  2 howler monkeys
  6 orc wizards
  A centaur skeleton (D:4)
  2 orc priests
  4 jellies
  Crazy Yiuf (D:3)
  2 iguanas
  A worker ant (D:5)
  A hound zombie (D:5)
  9 adders
  7 oozes (D:3)
  An adder skeleton (D:5)
  2 worms
  3 dart slugs
  4 leopard geckos
  22 orcs
  2 bats (D:2)
  6 giant cockroaches
  7 goblins
  5 hobgoblins
  6 jackals
  3 quokkas
  2 ball pythons (D:3)
  A frilled lizard (D:5)
  A giant cockroach zombie (D:4)
  16 kobolds
  2 leopard gecko skeletons (D:5)
  2 quokka skeletons
  6 rats
136 creatures vanquished.

Vanquished Creatures (others)
  8 toadstools (D:3)
8 creatures vanquished.

Grand Total: 144 creatures vanquished

Notes
Turn   | Place    | Note
-------+----------+-------------------------------------------
     0 | D:1      | DearestLeader the Merfolk Ice Elementalist began the quest
                  | for the Orb.
     0 | D:1      | Reached XP level 1. HP: 13/13 MP: 3/3
   275 | D:1      | Reached XP level 2. HP: 19/19 MP: 3/5
   475 | D:1      | Reached skill level 5 in Ice Magic
   995 | D:1      | Reached skill level 1 in Polearms
   995 | D:1      | Reached XP level 3. HP: 19/24 MP: 3/6
  1005 | D:1      | Learned a level 3 spell: Frozen Ramparts
  1761 | D:2      | Reached skill level 2 in Polearms
  1761 | D:2      | Reached XP level 4. HP: 30/30 MP: 7/7
  2089 | D:3      | Learned a level 3 spell: Ozocubu's Armour
  2129 | D:3      | Found a runed translucent door.
  2130 | D:3      | Noticed Crazy Yiuf
  2140 | D:3      | Killed Crazy Yiuf
  2228 | D:3      | Found a shimmering blue altar of Sif Muna.
  2247 | D:3      | Reached skill level 3 in Polearms
  2247 | D:3      | Reached XP level 5. HP: 21/35 MP: 1/8
  2625 | D:3      | Identified Sif Muna's Reference Book on Fire
  2835 | D:3      | Found a sacrificial altar of Ru.
  3181 | D:3      | Found an opulent altar of Gozag.
  3191 | D:3      | Found an ancient bone altar of Kikubaaqudgha.
  3423 | D:3      | Reached skill level 4 in Polearms
  3423 | D:3      | Reached XP level 6. HP: 36/41 MP: 5/9
  3773 | D:4      | Reached skill level 5 in Polearms
  3773 | D:4      | Reached XP level 7. HP: 46/46 MP: 4/10
  4003 | D:4      | Reached skill level 6 in Polearms
  4558 | D:4      | Reached skill level 7 in Polearms
  4820 | D:4      | Reached skill level 8 in Polearms
  5030 | D:5      | Entered Level 5 of the Dungeon
  5039 | D:5      | Reached XP level 8. HP: 49/53 MP: 7/11
  5048 | D:5      | Reached skill level 1 in Fighting
  5328 | D:5      | Reached skill level 9 in Polearms
  5602 | D:5      | Reached skill level 10 in Polearms
  6329 | D:5      | Found a burning altar of Makhleb.
  6519 | D:6      | Found a runed translucent door.
  6519 | D:6      | Noticed SnubMonkey's ghost (novice TrWn)
  6520 | D:6      | Mangled by an orc warrior

Illustrated notes

Levels and vault maps discovered:
D:1:      dpeg_arrival_orchard, layout_basic, serial_bayou, serial_bayou_pond_c,
          serial_bayou_ford_a, serial_bayou_lagoon_b, serial_bayou_pond_a
D:2:      layout_basic
D:3:      cheibrodos_fertilizer, layout_loops_ring,
          nicolae_overflow_crystal_walls, led_sif_book,
          amethyst_overflow_temple_binary, grunt_ministairs_9,
          minmay_misc_feat_enclosed, uniq_crazy_yiuf_cottage
D:4:      layout_loops_corners, minmay_crystal_room
D:5:      layout_loops_ring, general_overflow_altar
D:6:      layout_basic, zin_angel, cheibrodos_ashenzari_chains,
          ebering_ghost_reflecting_pool

Skill      XL: |  1  2  3  4  5  6  7  8 |
---------------+-------------------------+-----
Ice Magic      | 5 6 7 8 |  8.0
Polearms       | 1 2 3 4 5 8 10 | 10.7
Dodging        | 4 |  4.0
Fighting       | 3 |  3.7
Stealth        | |  2.1
Spellcasting   | |  2.0

Action                   |  1- 3 |  4- 6 |  7- 9 || total
-------------------------+-------+-------+-------++-------
Melee: Unarmed           |     1 |       |       ||     1
       Dagger            |    57 |    31 |       ||    88
       Spear             |     9 |     4 |       ||    13
       Quarterstaff      |       |    55 |   161 ||   216
       Tailslap          |       |     1 |       ||     1
 Cast: Freeze            |    18 |     5 |     7 ||    30
       Frozen Ramparts   |       |     9 |    12 ||    21
       Ozocubu's Armour  |       |     1 |     2 ||     3
  Use: Scroll            |     3 |     4 |     3 ||    10
       Potion            |       |       |     1 ||     1
 Stab: Sleeping          |     8 |     5 |     9 ||    22
       Distracted        |       |     2 |     1 ||     3
Armor: Robe              |    22 |    16 |       ||    38
       Leather armour    |       |    11 |    36 ||    47
Dodge: Dodged            |    42 |    57 |    72 ||   171
Block: Other             |       |    11 |    33 ||    44
       Reflection        |       |     3 |     1 ||     4
